 Dungeon Crawl Stone Soup version 0.32-a0-886-g41c5271027 (webtiles) character file.

Game seed: 8839663275806761559

2509 Griffin23 the Blocker (level 9, -12/82 HPs)
             Began as a Minotaur Fighter on Apr 2, 2024.
             Killed from afar by an acid dragon (25 damage)
             ... with a splash of acid
             ... on level 7 of the Dungeon.
             The game lasted 00:11:36 (6252 turns).

Griffin23 the Blocker (Minotaur Fighter)            Turns: 6252, Time: 00:11:38

Health: -12/82     AC: 17    Str: 22    XL:     9   Next: 28%
Magic:  8/8        EV:  5    Int:  5    God:
Gold:   524        SH:  5    Dex: 11    Spells: 8/8 levels left

rFire   . . .        d - +1 broad axe
rCold   . . .        c - +0 buckler
rNeg    . . .        q - +0 plate armour
rPois   .            (helmet restricted)
rElec   .            (no cloak)
rCorr   .            (no gloves)
SInv    .            i - +0 pair of boots
Will    +....        (no amulet) Stlth
                     (no ring)
HPRegen 0.33/turn    (no ring)
MPRegen 0.11/turn

%: no passive effects
@: enlightened, flying, invisible
A: horns 2, retaliatory headbutt, iridescent scales 1, teleportitis 1, weak 1
a: no special abilities


You were on level 7 of the Dungeon.
You visited 1 branch of the dungeon, and saw 7 of its levels.

You collected 524 gold pieces.

Inventory:

Hand Weapons
 a - a +0 war axe
 d - a +1 broad axe (weapon)
Missiles
 u - 3 boomerangs (quivered)
Armour
 b - a +0 scale mail
 c - a +0 buckler (worn)
 i - a +0 pair of boots (worn)
 q - a +0 plate armour (worn)
Jewellery
 j - an amulet of faith
Scrolls
 f - a scroll of revelation {unknown}
 g - a scroll of enchant weapon
 h - 2 scrolls of enchant armour
 n - a scroll of immolation {unknown}
 o - a scroll of teleportation
 r - a scroll of fear {unknown}
 t - a scroll of poison {unknown}
 v - a scroll of vulnerability
Potions
 e - 4 potions of lignification
 l - 2 potions of enlightenment
 s - a potion of resistance {unknown}
 w - a potion of brilliance {unknown}


   Skills:
 + Level 8.4 Fighting
 + Level 7.9 Axes
 + Level 8.3 Armour
 + Level 8.4 Shields


You had 8 spell levels left.
You didn't know any spells.
Your spell library contained the following spells:

 Spells                   Type           Power      Damage    Failure   Level
 Scorch                   Fire           0%         2d5       100%        2
 Call Canine Familiar     Summ           0%         N/A       100%        3
 Fugue of the Fallen      Necr           0%         N/A       100%        3
 Ozocubu's Armour         Ice            0%         N/A       100%        3
 Sigil of Binding         Hex            0%         N/A       100%        3
 Summon Ice Beast         Ice/Summ       0%         N/A       100%        3
 Dimensional Bullseye     Hex/Tloc       0%         N/A       100%        4
 Flame Wave               Conj/Fire      0%         2d4       100%        4
 Summon Mana Viper        Hex/Summ       0%         N/A       100%        5
 Summon Cactus Giant      Summ           0%         N/A       100%        6
 Manifold Assault         Tloc           0%         N/A       100%        7
 Monstrous Menagerie      Summ           0%         N/A       100%        7


Dungeon Overview and Level Annotations

Branches:
Dungeon (7/15)             Temple (0/1) D:5

Altars:
Cheibriados
Dithmenos
Qazlal
Ru
Beogh


Innate Abilities, Weirdness & Mutations

You have a pair of horns on your head.
You reflexively headbutt those who attack you in melee.
You are partially covered in iridescent scales. (AC +2)
You are occasionally teleported next to monsters.
You are weak. (Str -2)


Message History

The acid dragon bites you.
* * * LOW HITPOINT WARNING * * *
The acid dragon barely misses you.
The black bear bites you but does no damage.
The black bear closely misses you.
The black bear claws you but does no damage.
A steam dragon comes into view.
Your unstable footing causes you to fumble your attack.
The acid dragon bites you!
* * * LOW HITPOINT WARNING * * *
The acid dragon claws you but does no damage.
The black bear completely misses you. The black bear claws you.
* * * LOW HITPOINT WARNING * * *
The black bear barely misses you.
It was a potion of enlightenment.
You feel very buoyant.
You fly up into the air.
The black bear goes berserk!
You block the acid dragon's attack. The acid dragon claws you.
* * * LOW HITPOINT WARNING * * *
It was a potion of magic.
Magic courses through your body. The black bear bites you.
* * * LOW HITPOINT WARNING * * *
The black bear claws you but does no damage. x2
The acid dragon barely misses you. The acid dragon claws you.
* * * LOW HITPOINT WARNING * * *
It was a potion of curing.
You feel better. The black bear bites you.
* * * LOW HITPOINT WARNING * * *
The black bear barely misses you.
The black bear claws you but does no damage.
The acid dragon barely misses you. You block the acid dragon's attack.
The black bear bites you but does no damage.
The black bear claws you but does no damage. x2
It was a potion of invisibility.
You fade into invisibility!
The black bear bites you but does no damage.
You block the black bear's attack. The black bear claws you.
* * * LOW HITPOINT WARNING * * *
The acid dragon spits acid at you. The splash of acid hits you!!
You die...

#.#.# ...... .
#.#.##...... .
#.#.#...≈..g #.
#...#..)≈.g.
#.####..'.≈≈k≈≈$
##......D#..$≈.?.
##.....Y..#.g.≈g..
.....{Dh#.##...hB.
##....#@#.# ......
####(#.#.. #....Y
# #.#### ##../ #.#
#### ## #.# #.# .#
#.# #.# .# #
#.##### #.# ##.#
#. #.....# #.# #..
#.### #####.# #.#
#.#


You could see a steam dragon (unable to see you), a black bear (berserk, unable
to see you), an acid dragon (unable to see you, catching breath) and an ice
beast (unable to see you).

Vanquished Creatures
  Grinder (D:6)
  2 wyverns
  A sky beast (D:7)
  3 orc warriors
  2 black bears
  2 ogres
  Blork the orc (D:6)
  A scorpion (D:6)
  3 bombardier beetles
  2 howler monkeys
  A gnoll bouda (D:7)
  A jelly (D:7)
  5 orc priests
  2 hounds
  An iguana (D:6)
  A sleepcap (D:4)
  Terence (D:2)
  13 orc wizards
  10 gnolls
  7 adders
  4 ufetubi
  2 dart slugs
  A ribbon worm (D:4)
  33 orcs
  6 bats
  8 endoplasms
  3 giant cockroaches
  13 goblins
  12 hobgoblins
  A quokka (D:2)
  5 ball pythons
  6 frilled lizards
  6 kobolds
  3 rats
163 creatures vanquished.

Notes
Turn   | Place    | Note
-------+----------+-------------------------------------------
     0 | D:1      | Griffin23 the Minotaur Fighter began the quest for the Orb.
     0 | D:1      | Reached XP level 1. HP: 19/19 MP: 0/0
    55 | D:3      | Reached XP level 2. HP: 27/27 MP: 1/1
   114 | D:3      | Found a sacrificial altar of Ru.
   129 | D:4      | Noticed a howler monkey
   174 | D:4      | Killed a howler monkey
   175 | D:4      | Reached XP level 3. HP: 33/33 MP: 2/2
   202 | D:4      | Noticed a black bear
   241 | D:4      | Reached XP level 4. HP: 25/40 MP: 3/3
   245 | D:4      | HP: 1/40 [sleepcap (2)]
   248 | D:4      | Gained mutation: You have hidden genetic potential. [potion
                  | of mutation]
   248 | D:4      | Gained mutation: Your movements are slightly less
                  | encumbered by armour. (ER -2) [potion of mutation]
   480 | D:4      | Found a snail-covered altar of Cheibriados.
   490 | D:4      | Reached XP level 5. HP: 37/47 MP: 4/4
   610 | D:4      | Found a stormy altar of Qazlal.
   667 | D:3      | Gained mutation: Your spells are a little harder to cast,
                  | but a little more powerful. [hidden potential]
   772 | D:3      | Reached skill level 5 in Fighting
   772 | D:3      | Reached skill level 5 in Shields
   966 | D:2      | Reached skill level 5 in Armour
  1155 | D:2      | Noticed Terence
  1160 | D:2      | Killed Terence
  1291 | D:2      | Found a shadowy altar of Dithmenos.
  1306 | D:2      | Reached XP level 6. HP: 56/56 MP: 5/5
  2740 | D:4      | Gained mutation: You are partially covered in iridescent
                  | scales. (AC +2) [hidden potential]
  2740 | D:4      | Lost mutation: You have hidden genetic potential. [hidden
                  | potential expressed]
  3133 | D:4      | Lost mutation: Your spells are a little harder to cast, but
                  | a little more powerful. [potion of mutation]
  3133 | D:4      | Lost mutation: Your movements are slightly less encumbered
                  | by armour. (ER -2) [potion of mutation]
  3133 | D:4      | Gained mutation: You are weak. (Str -2) [potion of
                  | mutation]
  3133 | D:4      | Gained mutation: You have large cloven feet. [potion of
                  | mutation]
  3133 | D:4      | Gained mutation: You are robust. (+10% HP) [potion of
                  | mutation]
  3133 | D:4      | Gained mutation: You have hoof-like feet. [potion of
                  | mutation]
  3134 | D:4      | Lost mutation: You have hoof-like feet. [potion of
                  | mutation]
  3134 | D:4      | Lost mutation: You are robust. (+10% HP) [potion of
                  | mutation]
  3134 | D:4      | Lost mutation: You have large cloven feet. [potion of
                  | mutation]
  3134 | D:4      | Gained mutation: You are frail. (-10% HP) [potion of
                  | mutation]
  3134 | D:4      | Lost mutation: You are frail. (-10% HP) [potion of
                  | mutation]
  3134 | D:4      | Gained mutation: You are occasionally teleported next to
                  | monsters. [potion of mutation]
  3255 | D:5      | Entered Level 5 of the Dungeon
  3496 | D:4      | Reached skill level 5 in Axes
  3498 | D:4      | Reached XP level 7. HP: 52/62 MP: 6/6
  3882 | D:5      | Found a staircase to the Ecumenical Temple.
  4317 | D:6      | Noticed Grinder
  4326 | D:6      | Killed Grinder
  4327 | D:6      | Reached XP level 8. HP: 41/71 MP: 7/7
  4434 | D:6      | Found a runed translucent door.
  4630 | D:6      | Identified the +4 ring mail of Fedhas's Grace {Will+ Int+5}
  5093 | D:6      | Noticed Blork the orc
  5099 | D:6      | Killed Blork the orc
  5527 | D:5      | Reached XP level 9. HP: 81/81 MP: 8/8
  5845 | D:6      | Found a roughly hewn altar of Beogh.
  6252 | D:7      | Killed from afar by an acid dragon

Illustrated notes

Levels and vault maps discovered:
D:1:      nzn_arrival_water_spiral, layout_loops_ring, minmay_split_cup_small
D:2:      cheibrodos_greedy_goblins, layout_loops_ring, basic_altar,
          uniq_terence
D:3:      layout_rooms, mainiacjoe_overflow_small_starburst, st_stairs_14,
          chequers_decorated_corner, kennysheep_generic_room_3
D:4:      layout_basic, slow_altar_2, mainiacjoe_overflow_six_doors_small
D:5:      layout_cave_pools, minmay_temple_entry_wispy, serial_bayou_lake_a
D:6:      layout_loops_ring, lightli_church_of_beogh, uniq_grinder,
          uniq_blork_the_orc
D:7:      layout_basic, kennysheep_vampire_church,
          nicolae_ossuary_entry_catacombs, grunt_potential

Skill      XL: |  1  2  3  4  5  6  7  8  9 |
---------------+----------------------------+-----
Fighting       | 4 5 6 7 8 |  8.4
Armour         | 4 5 6 7 8 |  8.3
Shields        | 4 5 6 7 8 |  8.4
Axes           | 3 4 5 6 7 |  7.9

Action                     |  1- 3 |  4- 6 |  7- 9 || total
---------------------------+-------+-------+-------++-------
  Melee: War axe           |    12 |       |       ||    12
         Headbutt          |     2 |    25 |    29 ||    56
         Broad axe         |     2 |   145 |   196 ||   343
    Use: Potion            |     1 |     3 |     4 ||     8
         Scroll            |       |     2 |     3 ||     5
 Armour: Scale mail        |    42 |   133 |    39 ||   214
         Plate armour      |       |       |   203 ||   203
  Dodge: Dodged            |    19 |    81 |    83 ||   183
  Block: Buckler           |     7 |    46 |    59 ||   112

Table legend: (Time is in decaauts)
 A = Elapsed time spent in this place.
 B = Non-inter-level travel time spent in this place.
 C = Inter-level travel time spent in this place.
 D = Time resting spent in this place.
 E = Time spent auto-exploring this place.
 F = Levels seen in this place.
 G = Mean time per level.
                   A        B        C        D        E       F      G
               +--------+--------+--------+--------+--------+-----+--------+
         Total |   6402 |   6192 |    210 |    788 |   4077 |   7 |  914.6 |
       Dungeon |   6402 |   6192 |    210 |    788 |   4077 |   7 |  914.6 |
               +--------+--------+--------+--------+--------+-----+--------+

Top non-repeatable levels by time:
     D:4: 1436 daAuts
     D:6: 1372 daAuts
     D:5: 1145 daAuts
     D:2: 753 daAuts
     D:1: 726 daAuts
     D:3: 697 daAuts
     D:7: 271 daAuts
